 Dungeon Crawl Stone Soup version 0.29.0-15-g675c0067aa (webtiles) character file.

Game seed: 15238193510332929089

3096 qw the Cleaver (level 9, -4/79 HPs)
             Began as a Minotaur Berserker on Sept 12, 2022.
             Was a Priest of Trog.
             Slain by a sixfirhy (9 damage)
             ... on level 1 of the Abyss.
             The game lasted 00:02:21 (6839 turns).

qw the Cleaver (Minotaur Berserker)                 Turns: 6839, Time: 00:02:22

Health: -4/79      AC: 14    Str: 25    XL:     9   Next: 59%
Magic:  8/8        EV:  9    Int:  4    God:    Trog [***...]
Gold:   180        SH:  5    Dex: 11    Spells: 8/8 levels left

rFire   . . .      SeeInvis .   Y - +0 war axe
rCold   . . .      Faith    .   (no shield)
rNeg    . . .      Spirit   .   j - +0 chain mail
rPois   .          Reflect  +   (helmet restricted)
rElec   .          Harm     .   a - +0 cloak
rCorr   +          Rampage  .   w - +0 pair of gloves
Will    .....                   f - +0 pair of boots
Stlth   ..........              k - amulet of reflection
HPRegen 0.23/turn               n - ring of resist corrosion
MPRegen 0.11/turn               (no ring)

@: about to teleport, on berserk cooldown, unable to read
A: horns 2, retaliatory headbutt, inability to read after injury 1
a: Renounce Religion, Berserk, Trog's Hand


You were on level 1 of the Abyss.
You worshipped Trog.
Trog was most pleased with you.
You visited 1 branch of the dungeon, and saw 6 of its levels.
You visited the Abyss 1 time.

You collected 288 gold pieces.
You spent 108 gold pieces at shops.


Innate Abilities, Weirdness & Mutations

You have a pair of horns on your head.
You reflexively headbutt those who attack you in melee.
You occasionally lose the ability to read scrolls when taking damage.


   Skills:
 + Level 7.5 Fighting
 - Level 13.2 Axes
 - Level 3.2 Throwing
 - Level 6.1 Armour
 - Level 2.1 Dodging


You had 8 spell levels left.
You didn't know any spells.
Your spell library was empty.

Inventory:

Hand Weapons
 i - a +0 hand axe of flaming
 Y - a +0 war axe (weapon)
Missiles
 o - 4 javelins (quivered)
 v - 12 boomerangs
Armour
 a - a +0 cloak (worn)
 f - a +0 pair of boots (worn)
 j - a +0 chain mail (worn)
 w - a +0 pair of gloves (worn)
Jewellery
 h - a ring of ice
 k - an amulet of reflection (around neck)
 m - a ring of resist corrosion
 n - a ring of resist corrosion (left hand)
Scrolls
 l - 2 scrolls of identify
 s - a scroll of teleportation
Potions
 c - a potion of resistance
 d - 3 potions of might
 q - 5 potions of curing
 r - a potion of haste
 z - a potion of mutation

Dungeon Overview and Level Annotations

Branches:
Dungeon (6/15)
 Temple: D:4-7

Altars:
Dithmenos
Hepliaklqana
Kikubaaqudgha
Okawaru
Trog
Wu Jian
Yredelemnul
The Shining One

Shops:
D:2 =   D:4 !

Annotations:
D:6 Maggie


Message History

Trog accepts your kill.
Your skin stops crawling.
You feel less strong-willed.
A sixfirhy comes into view.
A large abomination comes into view.
You feel yourself speed up.
The sixfirhy hits you but does no damage. x2
You slash the sixfirhy! Your headbutt misses the sixfirhy.
The sixfirhy is moderately wounded.
The sixfirhy hits you but does no damage.
You block the sixfirhy's attack. The sixfirhy barely misses you.
You slash the sixfirhy! Your headbutt misses the sixfirhy.
The sixfirhy is heavily wounded.
You closely miss the sixfirhy.
The sixfirhy is heavily wounded.
You slash the sixfirhy!
The sixfirhy is severely wounded.
The sixfirhy hits you but does no damage.
You closely miss the sixfirhy.
The sixfirhy is heavily wounded.
The sixfirhy barely misses you. The sixfirhy hits you! The sixfirhy shocks you!
The sixfirhy hits you but does no damage.
You block the sixfirhy's attack.
You hit the sixfirhy.
The sixfirhy is severely wounded.
You block the sixfirhy's attack. The sixfirhy hits you!
The sixfirhy shocks you! The sixfirhy hits you! The sixfirhy shocks you!
6837 ||| READING 2 scrolls of teleportation.
As you read the scroll of teleportation, it crumbles to dust.
You feel strangely unstable.
You feel the power of the Abyss delaying your translocation!
The large abomination hits you.
6838 ||| DRINKING potion of heal wounds.
You feel much better. The large abomination hits you!
You feel threatened and lose the ability to read scrolls!
You slash the sixfirhy!
The sixfirhy is almost dead.
You hit the large abomination. The sixfirhy hits you! The sixfirhy shocks you!
You die...

.. ## .. .##.# #
#...#. #.##..#. .
##.#.. .. ... # .
..#.###. . .. .
#..#......# .# .
#....###.#.##...
#.#.#......#...
.....#X..#.....##
#....#@..# . . .
#.. #.3..# .....
#........... ...
.
.##...\...##....
# .#......... ##.
##.......##.. #.#
#....!..# # .
.###.#### ## .


You could see a large abomination and a sixfirhy.

Vanquished Creatures
  Grinder (D:5)
  4 starcursed masses (Abyss:1)
  Sigmund (D:4)
  Menkaure (D:5)
  A neqoxec (Abyss:1)
  Duvessa (D:6)
  2 sky beasts
  2 black bears
  An ice beast (D:6)
  An ogre (D:6)
  A phantom (D:5)
  2 bullfrogs (D:6)
  Blork the orc (D:6)
  2 scorpions
  3 wights (D:6)
  Dowan (D:6)
  2 jellies (D:5)
  7 hounds
  3 iguanas
  Jessica (D:2)
  Terence (D:2)
  5 gnolls
  4 adders
  A worm (D:2)
  3 dart slugs
  11 orcs
  7 bats
  6 endoplasms
  4 giant cockroaches
  16 goblins
  13 hobgoblins
  2 jackals (D:1)
  9 kobolds
  5 quokkas
  13 ball pythons
  4 frilled lizards
  10 rats
152 creatures vanquished.

Notes
Turn   | Place    | Note
-------+----------+-------------------------------------------
     0 | D:1      | qw the Minotaur Berserker began the quest for the Orb.
     0 | D:1      | Reached XP level 1. HP: 19/19 MP: 0/0
     0 | D:1      | 0 ||| qw: Version: 0.1-a-119-g272c26d
     0 | D:1      | 0 ||| qw: Game counter: 10897
     0 | D:1      | 0 ||| qw: Always use a shield: true
     0 | D:1      | 0 ||| qw: Do Orc after D:15 true
     0 | D:1      | 0 ||| qw: Do second Lair branch before Depths: true
     0 | D:1      | 0 ||| qw: Lair rune preference: random
     0 | D:1      | 0 ||| qw: Plans: Normal
     0 | D:1      | 0 ||| PLANNING D:1-11
   202 | D:1      | Reached skill level 4 in Axes
   269 | D:1      | Reached XP level 2. HP: 26/26 MP: 1/1
   466 | D:1      | 466 ||| Stepping ~*~*~tactically~*~*~ (stealth).
   539 | D:1      | 539 ||| Stepping ~*~*~tactically~*~*~ (stealth).
   552 | D:1      | Reached ** piety under Trog
   592 | D:1      | Found a faded altar of an unknown god.
   618 | D:1      | Reached skill level 5 in Axes
   841 | D:1      | 841 ||| UPGRADING to +0 ring mail.
   851 | D:1      | 851 ||| DROPPING +0 animal skin.
   852 | D:1      | 852 ||| UPGRADING to amulet of regeneration.
   857 | D:1      | 857 ||| READING scroll labelled ZEULAGUO TEMAT.
   858 | D:1      | 858 ||| READING scroll labelled OGA UPLAMOTZIS.
   909 | D:2      | 909 ||| Stepping ~*~*~tactically~*~*~ (hiding).
   916 | D:2      | Reached XP level 3. HP: 31/31 MP: 2/2
   923 | D:2      | 923 ||| Stepping ~*~*~tactically~*~*~ (stealth).
  1070 | D:2      | Found Venu's Jewellery Boutique.
  1109 | D:2      | 1109 ||| SHOPLISTING +4 ring of slaying (858 gold, have
                  | 23).
  1109 | D:2      | 1109 ||| SHOPLISTING ring of Zowkor {Ice rN+ Dex+5 Slay+3}
                  | (652 gold, have 23).
  1109 | D:2      | 1109 ||| SHOPLISTING ring of positive energy (220 gold,
                  | have 23).
  1109 | D:2      | 1109 ||| SHOPLISTING ring of willpower (275 gold, have 23).
  1119 | D:2      | Noticed Terence
  1122 | D:2      | 1122 ||| INVOKING Berserk.
  1126 | D:2      | Killed Terence
  1127 | D:2      | Reached skill level 6 in Axes
  1127 | D:2      | Reached XP level 4. HP: 39/39 MP: 3/3
  1236 | D:2      | 1236 ||| SWAPPING to +0 hand axe of flaming.
  1237 | D:2      | 1237 ||| DROPPING +0 whip.
  1238 | D:2      | 1238 ||| DROPPING +1 hand axe.
  1256 | D:2      | 1256 ||| Stepping ~*~*~tactically~*~*~ (hiding).
  1258 | D:2      | 1258 ||| Stepping ~*~*~tactically~*~*~ (stealth).
  1259 | D:2      | 1259 ||| Stepping ~*~*~tactically~*~*~ (stealth).
  1262 | D:2      | 1262 ||| Stepping ~*~*~tactically~*~*~ (hiding).
  1264 | D:2      | 1264 ||| INVOKING Berserk.
  1486 | D:2      | Reached XP level 5. HP: 45/45 MP: 4/4
  1512 | D:2      | Reached skill level 7 in Axes
  1612 | D:2      | Noticed Jessica
  1615 | D:2      | Killed Jessica
  1702 | D:2      | 1702 ||| UPGRADING to +0 pair of boots.
  1707 | D:2      | 1707 ||| UPGRADING to +0 chain mail.
  1717 | D:2      | 1717 ||| DROPPING +0 ring mail.
  1718 | D:2      | 1718 ||| DRINKING 2 metallic pink potions.
  1822 | D:2      | 1822 ||| DROPPING potion of berserk rage.
  1851 | D:3      | 1851 ||| SWAPPING to +0 war axe.
  2130 | D:3      | Noticed a sky beast
  2138 | D:3      | Killed a sky beast
  2139 | D:3      | Reached XP level 6. HP: 52/52 MP: 5/5
  2357 | D:3      | 2357 ||| Stepping ~*~*~tactically~*~*~ (stealth).
  2455 | D:3      | Found a hazy altar of Hepliaklqana.
  2506 | D:3      | Reached *** piety under Trog
  2509 | D:3      | Found a bloodstained altar of Trog.
  2510 | D:3      | Found a basalt altar of Yredelemnul.
  2511 | D:3      | Found an ancient bone altar of Kikubaaqudgha.
  2782 | D:3      | 2782 ||| UPGRADING to ring of resist corrosion.
  2783 | D:3      | 2783 ||| READING scroll labelled JUNNEF XELUGUTADD.
  2784 | D:3      | 2784 ||| DRINKING 2 coppery potions.
  2785 | D:3      | 2785 ||| READING 2 scrolls of identify.
  2785 | D:3      | 2785 ||| IDENTIFYING inky potion
  2786 | D:3      | 2786 ||| DROPPING potion of attraction.
  2815 | D:4      | Found Wakhloygy's Distillery.
  2821 | D:4      | 2821 ||| BUYING 2 potions of curing (72 gold).
  2821 | D:4      | Bought 2 potions of curing for 72 gold pieces
  2821 | D:4      | 2821 ||| BUYING potion of curing (36 gold).
  2821 | D:4      | Bought a potion of curing for 36 gold pieces
  2821 | D:4      | 2821 ||| SHOPLISTING potion of haste (120 gold, have 14).
  2821 | D:4      | 2821 ||| SHOPLISTING potion of mutation (96 gold, have 14).
  2824 | D:4      | 2824 ||| Stepping ~*~*~tactically~*~*~ (hiding).
  3053 | D:4      | Reached skill level 8 in Axes
  3100 | D:4      | 3100 ||| Stepping ~*~*~tactically~*~*~ (stealth).
  3213 | D:4      | 3213 ||| INVOKING Berserk.
  3419 | D:4      | Noticed Sigmund
  3420 | D:4      | 3420 ||| INVOKING Berserk.
  3423 | D:4      | Killed Sigmund
  3424 | D:4      | Reached skill level 9 in Axes
  3424 | D:4      | Reached XP level 7. HP: 59/59 MP: 6/6
  3720 | D:4      | Found a shadowy altar of Dithmenos.
  3754 | D:4      | 3754 ||| UPGRADING to +0 cloak.
  3759 | D:4      | 3759 ||| READING 2 scrolls labelled ZULETREEBESS.
  3793 | D:5      | Entered Level 5 of the Dungeon
  3909 | D:5      | Noticed Menkaure
  3911 | D:5      | 3911 ||| FLEEEEING.
  3912 | D:5      | 3912 ||| FLEEEEING.
  3913 | D:5      | 3913 ||| FLEEEEING.
  3914 | D:5      | 3914 ||| FLEEEEING.
  3921 | D:5      | 3921 ||| FLEEEEING.
  3922 | D:5      | 3922 ||| FLEEEEING.
  3923 | D:5      | 3923 ||| FLEEEEING.
  3924 | D:5      | 3924 ||| FLEEEEING.
  3928 | D:5      | 3928 ||| FLEEEEING.
  3929 | D:5      | 3929 ||| FLEEEEING.
  3937 | D:5      | 3937 ||| FLEEEEING.
  3938 | D:5      | 3938 ||| FLEEEEING.
  3939 | D:5      | 3939 ||| FLEEEEING.
  3940 | D:5      | 3940 ||| FLEEEEING.
  3943 | D:5      | Reached skill level 3 in Armour
  3949 | D:5      | 3949 ||| INVOKING Berserk.
  3954 | D:5      | Killed Menkaure
  4084 | D:5      | Identified the +0 ring mail of the Transparent God {Regen+
                  | Dex+4}
  4150 | D:5      | Reached skill level 10 in Axes
  4477 | D:5      | Reached XP level 8. HP: 69/69 MP: 7/7
  4498 | D:5      | 4498 ||| Stepping ~*~*~tactically~*~*~ (hiding).
  4570 | D:5      | Reached skill level 6 in Fighting
  4610 | D:5      | Noticed Grinder
  4613 | D:5      | 4613 ||| INVOKING Trog's Hand.
  4614 | D:5      | 4614 ||| INVOKING Berserk.
  4623 | D:5      | 4623 ||| Stepping ~*~*~tactically~*~*~ (hiding).
  4626 | D:5      | 4626 ||| INVOKING Trog's Hand.
  4630 | D:5      | Killed Grinder
  4950 | D:5      | Found an ornate altar of the Wu Jian Council.
  4950 | D:5      | Found a glowing golden altar of the Shining One.
  5056 | D:5      | Found an iron altar of Okawaru.
  5401 | D:5      | 5401 ||| Stepping ~*~*~tactically~*~*~ (stealth).
  5409 | D:5      | Reached skill level 11 in Axes
  5584 | D:5      | 5584 ||| DROPPING +0 ring mail of the Transparent God
                  | {Regen+ Dex+4}.
  5585 | D:5      | 5585 ||| UPGRADING to +0 pair of gloves.
  5590 | D:5      | 5590 ||| READING scroll labelled SIROAF DYLAI.
  5591 | D:5      | 5591 ||| DRINKING 4 pink potions.
  5592 | D:5      | 5592 ||| DRINKING 2 murky pink potions.
  5593 | D:5      | 5593 ||| DRINKING 4 amethyst potions.
  5594 | D:5      | 5594 ||| DRINKING 2 red potions.
  5695 | D:5      | 5695 ||| DRINKING 2 dark potions.
  5696 | D:5      | 5696 ||| DRINKING 2 bubbling emerald potions.
  5697 | D:5      | 5697 ||| READING 6 scrolls of identify.
  5697 | D:5      | 5697 ||| IDENTIFYING fuming orange potion
  5698 | D:5      | 5698 ||| READING 5 scrolls of identify.
  5698 | D:5      | 5698 ||| IDENTIFYING yellow potion
  5699 | D:5      | 5699 ||| READING 4 scrolls of identify.
  5699 | D:5      | 5699 ||| IDENTIFYING fuming grey potion
  5700 | D:5      | 5700 ||| DROPPING 3 potions of degeneration.
  5701 | D:5      | 5701 ||| DROPPING potion of ambrosia.
  5702 | D:5      | 5702 ||| DROPPING potion of brilliance.
  5703 | D:5      | 5703 ||| DROPPING potion of lignification.
  5704 | D:5      | 5704 ||| DROPPING potion of flight.
  5743 | D:6      | Noticed Blork the orc
  5747 | D:6      | 5747 ||| INVOKING Berserk.
  5750 | D:6      | Killed Blork the orc
  5960 | D:6      | 5960 ||| INVOKING Berserk.
  5961 | D:6      | HP: 20/100 [wight/+0 halberd (9)]
  5964 | D:6      | HP: 5/97 [wight/+0 halberd (8)]
  6146 | D:6      | 6146 ||| INVOKING Berserk.
  6288 | D:6      | Reached skill level 12 in Axes
  6359 | D:6      | 6359 ||| INVOKING Berserk.
  6362 | D:6      | Reached XP level 9. HP: 79/79 MP: 8/8
  6482 | D:6      | Noticed Duvessa
  6483 | D:6      | Noticed Dowan
  6486 | D:6      | 6486 ||| INVOKING Berserk.
  6488 | D:6      | Killed Duvessa
  6489 | D:6      | Killed Dowan
  6741 | D:6      | Noticed Maggie
  6742 | D:6      | 6742 ||| Stepping ~*~*~tactically~*~*~ (hiding).
  6747 | Abyss:1  | Cast into level 1 of the Abyss (Maggie)
  6748 | Abyss:1  | 6748 ||| UPGRADING to amulet of reflection.
  6758 | Abyss:1  | 6758 ||| DROPPING amulet of regeneration.
  6759 | Abyss:1  | 6759 ||| READING 3 scrolls of identify.
  6759 | Abyss:1  | 6759 ||| IDENTIFYING grey potion
  6760 | Abyss:1  | 6760 ||| DROPPING potion of invisibility.
  6763 | Abyss:1  | Noticed a starcursed mass
  6792 | Abyss:1  | 6792 ||| INVOKING Berserk.
  6793 | Abyss:1  | Killed a starcursed mass
  6794 | Abyss:1  | Killed a starcursed mass
  6795 | Abyss:1  | Reached skill level 13 in Axes
  6795 | Abyss:1  | Killed a starcursed mass
  6796 | Abyss:1  | Reached skill level 6 in Armour
  6799 | Abyss:1  | Killed a starcursed mass
  6800 | Abyss:1  | Reached skill level 3 in Throwing
  6803 | Abyss:1  | 6803 ||| INVOKING Trog's Hand.
  6816 | Abyss:1  | Gained mutation: You occasionally lose the ability to read
                  | scrolls when taking damage. [a neqoxec]
  6828 | Abyss:1  | Noticed a sixfirhy
  6829 | Abyss:1  | Noticed a large abomination
  6836 | Abyss:1  | HP: 18/79 [sixfirhy (11)]
  6837 | Abyss:1  | 6837 ||| READING 2 scrolls of teleportation.
  6837 | Abyss:1  | HP: 8/79 [large abomination (1)]
  6838 | Abyss:1  | 6838 ||| DRINKING potion of heal wounds.
  6839 | Abyss:1  | Slain by a sixfirhy

Levels and vault maps discovered:
D:1:      ncdulo_watergridlock, layout_rooms,
          shapermc_ecumenical_altar_totnotflames
D:2:      minmay_chambers_of_ones, layout_rooms, serial_shops, shop,
          minmay_ruptured, uniq_jessica, uniq_terence
D:3:      layout_loops_corners, minitemple, hangedman_decor_clover_reticule,
          chequers_serial_rivers_marsh
D:4:      layout_basic, nicolae_dithmenos_through_a_glass_darkly, serial_shops,
          shop, uniq_sigmund
D:5:      corexii_shantytown, layout_layer_cave, general_overflow_altar,
          nicolae_overflow_two_pavilions, uniq_menkaure, uniq_grinder
D:6:      layout_basic, uniq_duvessa, uniq_maggie, uniq_blork_the_orc
Abyss:1:  base:
D:2

Skill      XL: |  1  2  3  4  5  6  7  8  9 |
---------------+----------------------------+-----
Axes           | 4 5 6 7 9 10 12 13 | 13.2
Fighting       | 4 5 7 |  7.5
Throwing       | 2 3 |  3.2
Armour         | 4 5 6 |  6.1
Dodging        | |  2.1

Action                   |  1- 3 |  4- 6 |  7- 9 || total
-------------------------+-------+-------+-------++-------
Melee: Hand axe          |    80 |    25 |       ||   105
       Headbutt          |     4 |    16 |    21 ||    41
       War axe           |       |    42 |   186 ||   228
       Punch             |       |     1 |     2 ||     3
Throw: Javelin           |       |    33 |    35 ||    68
Invok: Berserk           |     1 |     3 |     8 ||    12
       Trog's Hand       |       |       |     3 ||     3
  Use: Scroll            |     2 |     2 |     7 ||    11
       Potion            |       |     2 |     7 ||     9
Armor: Animal skin       |    11 |       |       ||    11
       Ring mail         |     8 |     1 |       ||     9
       Chain mail        |       |    18 |    69 ||    87
Dodge: Dodged            |    50 |    20 |    40 ||   110
Block: Other             |       |       |     4 ||     4

Table legend:
 A = Non-vault XP
 B = Vault XP
 C = Vault XP percentage of total XP
 D = Non-vault monster count
 E = Vault monster count
 F = Vault count percentage of total count
                 A         B        C        D         E       F
            +---------+---------+-------+---------+---------+-------
      Total |    3258 |    1165 |  26.3 |     106 |      46 |  30.3
            +---------+---------+-------+---------+---------+-------
        D:1 |      39 |       0 |   0.0 |      25 |       0 |   0.0
        D:2 |     104 |     103 |  49.8 |      24 |      10 |  29.4
        D:3 |     258 |       0 |   0.0 |      17 |       0 |   0.0
        D:4 |     263 |     214 |  44.9 |      11 |       1 |   8.3
        D:5 |     442 |     548 |  55.4 |      12 |      32 |  72.7
        D:6 |    1022 |     300 |  22.7 |      12 |       3 |  20.0
    Abyss:1 |    1130 |       0 |   0.0 |       5 |       0 |   0.0
            +---------+---------+-------+---------+---------+-------
